Map: Odyssey LE

Players

Scarlett

  • Race: Zerg Zerg
  • League: Diamond
  • Spawn Location: 11:00

aLive - Winner!

  • Race: Terran Terran
  • Spawn Location: 5:00

Event: HomeStory Cup XVI

VOD

Have the link to the VOD?

Description

Time

  • Played on: Nov. 10, 2017, 3:23 p.m.
  • Length: 6:55

All games in this series

Show
View Real Time Build Order
Export as new Build Order

Scarlett Zerg 

Build Orders: Hatch First 

Get SALT Encoding   

  12  0:01  Drone  
  13  0:12  Overlord  
  13  0:17  Drone  
  14  0:30  Drone  
  14  0:31  Drone  
  14  0:34  Drone  
  17  0:51  Hatchery  
  17  0:54  Drone  
  17  0:57  Drone  
  18  1:08  Extractor  
  17  1:12  Spawning Pool  
  17  1:15  Drone  
  17  1:18  Drone  
  18  1:28  Drone  
  19  1:38  Overlord  
  19  1:49  Drone  
  20  1:59  Queen  
  20  2:00  Zergling x2  
  23  2:02  Queen  
  23  2:03  Zergling x2  
  23  2:08  Metabolic Boost  
  26  2:12  Drone  
  26  2:14  Drone  
  29  2:22  Drone  
  29  2:25  Drone  
  30  2:32  Drone  
  30  2:34  Queen  
  33  2:42  Drone  
  35  2:44  Drone  
  35  2:52  Hatchery  
  35  2:58  Overlord  
  34  2:59  Pneumatized Carapace  
  34  3:02  Drone  
  34  3:05  Drone  
  36  3:16  Drone x5  
  41  3:24  Overlord  
  41  3:26  Drone x2  
  43  3:35  Overlord  
  43  3:45  Zergling x12  
  43  3:48  Roach Warren  
  48  3:49  Extractor  
  46  3:57  Queen x2  
  50  4:08  Queen  
  52  4:13  Drone  
  52  4:14  Drone x5  
  54  4:28  Roach x4  
  54  4:30  Zergling x2  
  59  4:33  Zergling x2  
  59  4:35  Zergling x2  
  61  4:40  Zergling x2  
  61  4:41  Overlord  
  62  4:49  Evolution Chamber  
  62  4:50  Zergling x6  
  64  4:55  Roach  
  64  4:56  Overlord  
  66  5:05  Queen  
  67  5:15  Zergling x12  
  67  5:16  Zergling x10  
  78  5:27  Ravager  
  78  5:28  Ravager x2  
  81  5:34  Overlord  
  81  5:35  Overlord  
  81  5:42  Overlord x2  
  77  5:48  Overlord x2  
  77  5:52  Queen  
  79  6:02  Ravager x2  
  81  6:05  Zergling x4  
  81  6:06  Zergling x8  
  74  6:15  Roach  
  74  6:16  Roach x2, Zergling x2  
  78  6:24  Roach x3, Zergling x8  
  88  6:38  Zergling x4  
Show
View Real Time Build Order
Export as new Build Order

aLive Terran - Winner!

Build Orders: MMM Bio 

Get SALT Encoding   

  12  0:00  SCV  
  13  0:12  SCV  
  14  0:17  Supply Depot  
  14  0:25  SCV  
  15  0:38  SCV  
  15  0:39  Barracks  
  16  0:43  Refinery  
  16  0:50  SCV  
  17  1:02  SCV  
  18  1:14  SCV  
  19  1:27  Orbital Command  
  19  1:35  Command Center  
  19  1:46  Factory  
  19  1:48  Marine  
  19  1:53  SCV  
  21  2:04  Supply Depot  
  21  2:05  SCV  
  21  2:07  Barracks Reactor  
  22  2:17  SCV  
  23  2:29  SCV  
  24  2:34  Command Center  
  24  2:45  SCV  
  24  2:46  Orbital Command  
  25  2:53  Hellion  
  25  2:55  Hellion  
  25  2:57  SCV  
  30  3:01  Barracks Tech Lab  
  30  3:09  SCV  
  31  3:13  SCV  
  31  3:15  Hellion  
  31  3:17  Hellion  
  36  3:20  Marine  
  36  3:23  Stimpack, SCV  
  36  3:25  SCV  
  39  3:35  SCV  
  39  3:37  SCV  
  41  3:46  Barracks  
  41  3:48  Orbital Command, Barracks, SCV, Factory Reactor  
  42  3:49  SCV  
  42  3:50  Marine  
  44  3:58  Refinery  
  44  3:59  Refinery  
  44  4:01  SCV x2  
  46  4:08  Marine  
  47  4:13  SCV x2  
  47  4:15  SCV  
  48  4:27  SCV x3  
  49  4:36  Starport  
  47  4:40  Engineering Bay  
  47  4:41  Factory Reactor, Marine x5  
  47  4:42  Engineering Bay  
  47  4:43  SCV x3  
  55  4:51  Supply Depot  
  55  4:54  Supply Depot x2  
  56  5:00  SCV x2  
  56  5:01  Marine  
  56  5:02  Marine x3  
  56  5:03  Orbital Command  
  61  5:12  Marine  
  62  5:19  Barracks  
  62  5:23  SCV x2  
  62  5:24  Refinery  
  62  5:27  Medivac x2, Factory Tech Lab  
  62  5:28  Combat Shields  
  68  5:30  Barracks  
  68  5:31  SCV  
  68  5:35  Marine x5  
  74  5:45  SCV  
  74  5:46  SCV x2  
  77  5:55  Marine x4  
  77  5:56  Supply Depot  
  79  5:57  Supply Depot, Siege Tank  
  79  5:58  Marauder  
  82  6:06  Medivac  
  82  6:08  Medivac  
  82  6:10  SCV x3  
  84  6:12  Marine  
  84  6:13  Marine x2  
  84  6:17  Marine x2  
  87  6:19  Marine  
  87  6:20  Supply Depot  
  87  6:21  Supply Depot, Marine  
  85  6:26  SCV x2  
  84  6:33  SCV  
  84  6:38  SCV  
  84  6:39  SCV  
  88  6:53  Armory  
Tags
 
Add a new tag
Caveats
  • Supply blocks, unpowered buildings, or Contaminate may cause inaccurate times.
  • Supply counts are checked every 10 seconds.